 Dungeon Crawl Stone Soup version 0.23.2-1-ga50397a (webtiles) character file.

Game seed: 11743538101719342874

52 whitewolfNL the Cudgeler (level 3, -1/36 HPs)
             Began as a Troll Berserker on Apr 16, 2019.
             Was a Believer of Trog.
             Slain by a gnoll
             ... wielding a +0 spear
              (4 damage)
             ... on level 2 of the Dungeon.
             The game lasted 00:03:58 (1040 turns).

whitewolfNL the Cudgeler (Troll Berserker)          Turns: 1040, Time: 00:03:59

Health: -1/36      AC:  7    Str: 25    XL:     3   Next: 60%
Magic:  2/2        EV: 10    Int:  3    God:    Trog [**....]
Gold:   50         SH:  0    Dex: 10    Spells: 2/2 levels left

rFire    . . .     SeeInvis .   a - +0 mace
rCold    . . .     Gourm    +   (no shield)
rNeg     . . .     Faith    .   g - +1 robe {MR+}
rPois    .         Spirit   .   (helmet restricted)
rElec    .         Reflect  .   (no cloak)
rCorr    .         Harm     .   (gloves unavailable)
MR       +....                  (boots unavailable)
Stlth    +.........             (no amulet)
HPRegen  0.52/turn              (no ring)
MPRegen  0.08/turn              (no ring)

@: berserk cooldown, slowed, very slow
A: large, unfitting armour, claws 3, fast metabolism 3, gourmand, regeneration
1, shaggy fur 1, tough skin 3
a: Berserk, Trog's Hand, Renounce Religion


You were on level 2 of the Dungeon.
You worshipped Trog.
Trog was pleased with you.
You were very full.

You visited 1 branch of the dungeon, and saw 2 of its levels.

You collected 50 gold pieces.

Inventory:

Hand Weapons
 a - a +0 mace (weapon)
Armour
 g - a +1 robe of magic resistance (worn)
Scrolls
 d - a scroll of fog {unknown}
 f - a scroll of remove curse {unknown}
Potions
 h - a potion of heal wounds {unknown}
Comestibles
 c - 3 rations


   Skills:
 + Level 2.8 Fighting
 + Level 3.3 Maces & Flails
 * Level 0.3 Throwing
 + Level 2.9 Dodging


You had 2 spell levels left.
You didn't know any spells.
Your spell library was empty.

Dungeon Overview and Level Annotations

Branches:
Dungeon (2/15)

Altars:
Ashenzari


Innate Abilities, Weirdness & Mutations

You are too large for most types of armour.
You have claws for hands.
Your metabolism is lightning-fast.
You like to eat raw meat.
Your natural rate of healing is unusually fast.
You are covered in fur. (AC +1)
You have extremely tough skin. (AC +3)


Message History

You hit the gnoll.
The gnoll is heavily wounded.
The bat barely misses you. The gnoll hits you but does no damage.
The gnoll barely misses you.
You barely miss the gnoll.
The gnoll is heavily wounded.
The bat barely misses you. The gnoll hits you but does no damage.
You hit the gnoll.
The gnoll is severely wounded.
The bat hits you. The gnoll hits you with a +0 spear!
* * * LOW HITPOINT WARNING * * *
The gnoll hits you with a +0 spear.
* * * LOW HITPOINT WARNING * * *
You barely miss the gnoll.
The gnoll is severely wounded.
The bat closely misses you. The gnoll hits you with a +0 spear.
* * * LOW HITPOINT WARNING * * *
The gnoll barely misses you. The bat hits you but does no damage.
The gnoll hits you with a +0 spear.
You die...

#......# #......#
#......#
#......##########
#......#........#
#......#.[......#
#......#........######
#...gb.#........'.....
###+#@##........######
.###.#.##........#
..[.................
#.#.#.###.##.####...#
#. #+##+# #...# # ....
..


You could see a gnoll and a bat.

Vanquished Creatures
  2 gnolls (D:2)
  An ooze (D:1)
  4 bats (D:1)
  A giant cockroach (D:1)
  7 goblins
  3 hobgoblins (D:1)
  2 frilled lizards (D:1)
  3 kobolds
  6 rats
29 creatures vanquished.

Notes
Turn   | Place    | Note
-------+----------+-------------------------------------------
     0 | D:1      | whitewolfNL the Troll Berserker began the quest for the
                  | Orb.
     0 | D:1      | Reached XP level 1. HP: 22/22 MP: 0/0
   113 | D:1      | Reached XP level 2. HP: 29/29 MP: 1/1
   210 | D:1      | Reached skill level 3 in Maces & Flails
   616 | D:1      | Found a shattered altar of Ashenzari.
   917 | D:2      | Reached XP level 3. HP: 33/36 MP: 2/2
   962 | D:2      | Reached ** piety under Trog
  1040 | D:2      | Slain by a gnoll

Skill      XL: |  1  2 |
---------------+-------+-----
Maces & Flails | 3 |  3.3
Fighting       | |  2.8
Throwing       | |  0.3
Dodging        | |  2.9

Action                   || total
-------------------------++-------
Melee: Mace              ||    81
Invok: Berserk           ||     2
  Eat: Chunk             ||    16
Armor: Animal skin       ||    23
       Robe              ||    27
Dodge: Dodged            ||    67
